 Dungeon Crawl Stone Soup version 0.30.0-13-g156ef70053 (webtiles) character file.

Game seed: 17258080087567410577

82 javelincjr the Ducker (level 4, -4/32 HPs)
             Began as a Djinni Earth Elementalist on May 17, 2023.
             Slain by Robin
             ... wielding a +0 mace
              (7 damage)
             ... on level 2 of the Dungeon.
             The game lasted 00:05:46 (1161 turns).

javelincjr the Ducker (Djinni Earth Elementalist)   Turns: 1161, Time: 00:05:46

Health: -4/32      AC:  2    Str:  8 (9)  XL:     4   Next: 70%
Gold:   78         EV: 13    Int: 19 (22) God:
                   SH:  5    Dex: 17 (20)

rFire   + + .        d - +0 short sword
rCold   x . .        (no shield)
rNeg    . . .        a - +0 robe
rPois   ∞            (no helmet)
rElec   .            (no cloak)
rCorr   .            (no gloves)
SInv    .            (boots unavailable)
Will    .....        c - amulet of reflection
Stlth   ++           f - +6 ring of intelligence
HPRegen 0.25/turn    h - +6 ring of dexterity
MPRegen 0.00/turn

%: reflection, infuse magic (-5 HP)
@: flying
A: sickness immunity, fire resistance 2, cold vulnerability 1, float, innate
caster, HP casting, extra vitality 1
a: no special abilities


You were on level 2 of the Dungeon.
You visited 1 branch of the dungeon, and saw 2 of its levels.

You collected 78 gold pieces.

Inventory:

Hand Weapons
 d - a +0 short sword (weapon)
Armour
 a - a +0 robe (worn)
Jewellery
 c - an amulet of reflection (around neck)
 f - a +6 ring of intelligence (left hand)
 h - a +6 ring of dexterity (right hand)
 k - a +6 ring of strength
Scrolls
 b - 2 scrolls of identify
 e - a scroll of torment


   Skills:
 * Level 1.5 Fighting
 + Level 3.0 Dodging
 + Level 2.5 Stealth
 + Level 2.9 Spellcasting


You knew the following spells:

 Your Spells              Type           Power      Damage    Failure   Level
a - Sandblast             Erth           26%        2d8       4%          1
b - Passwall              Tmut/Erth      10%        N/A       7%          2
c - Stone Arrow           Conj/Erth      26%        3d8       14%         3
d - Petrify               Tmut/Erth      13%        N/A       43%         4
e - Summon Small Mammal   Summ           52%        N/A       4%          1
Your spell library was empty.

Dungeon Overview and Level Annotations

Branches:
Dungeon (2/15)

Altars:

Annotations:
D:2 Robin


Innate Abilities, Weirdness & Mutations

You are immune to sickness and miasma.
You are immune to poison.
Your flesh is very heat resistant. (rF++)
You are vulnerable to cold. (rC-)
You float through the air rather than walking.
You learn spells naturally, not from books.
Your magical power is your life essence.
You have superior vitality. (+4 MHP)


Message History

You closely miss the hobgoblin.
The hobgoblin is moderately wounded.
The hobgoblin hits you but does no damage.
An orc comes into view. It is wielding a +0 short sword.
The orc shouts!
You hit the hobgoblin but do no damage.
The hobgoblin is lightly wounded.
You feel less wooden.
Your +0 robe unmelds from your body.
The hobgoblin hits you.
* * * LOW HITPOINT WARNING * * *
Items here: )))).
Casting: Sandblast (safe; 4% risk of failure)
Confirm with . or Enter, or press ? or * to list all spells.
Aiming: Sandblast (safe; 4% risk of failure)
Press: ? - help, Shift-Dir - straight line, f - hobgoblin
Aim: a hobgoblin (lightly wounded, strong, 82% to hit)
The blast of sand hits the hobgoblin but does no damage.
The hobgoblin is lightly wounded.
* * * LOW HITPOINT WARNING * * *
The hobgoblin hits you.
* * * LOW HITPOINT WARNING * * *
The hobgoblin attacks as you move away! The hobgoblin barely misses you.
Casting: Sandblast (safe; 4% risk of failure)
Confirm with . or Enter, or press ? or * to list all spells.
Aiming: Sandblast (safe; 4% risk of failure)
Press: ? - help, Shift-Dir - straight line, f/p - hobgoblin
Aim: a hobgoblin (lightly wounded, strong, 82% to hit)
The blast of sand hits the hobgoblin.
You kill the hobgoblin!
* * * LOW HITPOINT WARNING * * *
Robin attacks as you move away! Robin hits you with a +0 mace.
* * * LOW HITPOINT WARNING * * *
Robin says, "Feeling lonely?"
As you read the scroll labelled JEISUA LOD YFF, it crumbles to dust.
It is a scroll of identify.
e - a scroll of torment You block Robin's attack.
This is a scroll of acquirement!
Something appears before you! Robin hits you with a +0 mace!
You die...

....g###.# #.#
.........# #.#
#.#.#o#)## #.#
# #o# #.# #)#
#.# #.#
#.####.####.#
#o#.......#.#
#g#..####.#.#
#@#..####.#.#
#.#....##.#.#
#.#.......#.#
......###..#.#
##.#.........#
#.##.###.####
#.##.....#
..####.### #.#


You could see Robin and 2 orcs.

Vanquished Creatures
  2 adders (D:2)
  10 ball pythons
  4 bats (D:1)
  4 endoplasms
  4 giant cockroaches
  7 goblins
  9 hobgoblins
  A jackal (D:1)
  2 quokkas (D:1)
  4 frilled lizards
  3 kobolds
  6 rats
56 creatures vanquished.

Notes
Turn   | Place    | Note
-------+----------+-------------------------------------------
     0 | D:1      | javelincjr the Djinni Earth Elementalist began the quest
                  | for the Orb.
     0 | D:1      | javelincjr set off with the following spells memorised:
                  | Sandblast, Passwall, Stone Arrow, Petrify.
     0 | D:1      | Reached XP level 1. HP: 15/15 MP: 0/0
    48 | D:1      | Reached XP level 2. HP: 21/21 MP: 0/0
   342 | D:1      | Reached XP level 3. HP: 25/25 MP: 0/0
   342 | D:1      | Learned a level 1 spell: Summon Small Mammal
   690 | D:1      | Found a faded altar of an unknown god.
   801 | D:2      | Reached skill level 1 in Fighting
   801 | D:2      | Reached XP level 4. HP: 28/32 MP: 0/0
   982 | D:2      | Reached skill level 3 in Dodging
  1115 | D:2      | Noticed Robin
  1161 | D:2      | Identified a scroll of acquirement
  1161 | D:2      | Acquired a ring of wizardry
  1161 | D:2      | Slain by Robin

Illustrated notes

Levels and vault maps discovered:
D:1:      dpeg_arrival_brainrot, layout_basic,
          dreamdust_ecumenical_altar_angels_and_demons
D:2:      layout_loops_ring, dreamdust_wishing_well, grunt_decor_one_mirror,
          uniq_robin

Skill      XL: |  1  2  3  4 |
---------------+-------------+-----
Stealth        | 2 |  2.5
Fighting       | 1 |  1.5
Dodging        | 3 |  3.0
Spellcasting   | |  2.9

Action                     |  1- 3 |  4- 6 || total
---------------------------+-------+-------++-------
  Melee: Short sword       |     1 |    25 ||    26
   Cast: Sandblast         |    46 |    18 ||    64
         Summon Small Mamm |       |     1 ||     1
    Use: Potion            |       |     3 ||     3
         Scroll            |       |     2 ||     2
 Armour: Robe              |     1 |       ||     1
         Skin              |       |    16 ||    16
  Dodge: Dodged            |     5 |    10 ||    15
  Block: Other             |       |     9 ||     9
